 Dungeon Crawl Stone Soup version 0.31.0-12-g77e489cdc1 (webtiles) character file.

Game seed: 15518467474744743460

106 Buffagor the Changeling (level 4, -1/32 HPs)
             Began as a Merfolk Shapeshifter on Mar 8, 2024.
             Slain by a cerulean imp
             ... wielding a +1 spear
             ... summoned by Natasha
              (5 damage)
             ... on level 2 of the Dungeon.
             The game lasted 00:03:54 (1700 turns).

Buffagor the Changeling (Merfolk Shapeshifter)      Turns: 1700, Time: 00:03:54

Health: -1/32      AC:  2    Str: 14    XL:     4   Next: 84%
Magic:  4/4        EV: 12    Int:  9    God:
Gold:   117        SH:  0    Dex: 15    Spells: 3/3 levels left

rFire   . .          .
                       - Unarmed
rCold   . . .        p - orb {light}
rNeg    . . .        a - +0 animal skin
rPois   .            (helmet currently unavailable)
rElec   .            (cloak currently unavailable)
rCorr   .            (gloves currently unavailable)
SInv    .            (boots currently unavailable)
Will    .....        e - amulet of regeneration
Stlth   +            (no ring)
HPRegen 1.05/turn    (no ring)
MPRegen 0.09/turn

%: no passive effects
@: beast-form, glowing
A: beast (slay +3), (nimble swimmer 2), mertail
a: Begin Untransformation


You were on level 2 of the Dungeon.
You were a hulking beast.
You visited 1 branch of the dungeon, and saw 2 of its levels.

You collected 117 gold pieces.

Inventory:

Hand Weapons
 b - a +0 sling
Missiles
 l - 22 stones
Armour
 a - a +0 animal skin (worn)
 j - a +0 pair of boots
 p - an orb of light (worn)
 s - a +0 helmet
Jewellery
 e - an amulet of regeneration (around neck)
 o - a ring of see invisible
Talismans
 c - a beast talisman
 d - a flux talisman
 h - a serpent talisman
Scrolls
 f - a scroll of immolation {unknown}
 k - a scroll of enchant armour {unknown}
 m - a scroll of enchant weapon {unknown}
 q - a scroll of identify {unknown}
 r - a scroll of amnesia {unknown}
Potions
 g - a potion of lignification
 i - a potion of haste {unknown}
 n - a potion of berserk rage {unknown}
 t - 2 potions of brilliance {unknown}


   Skills:
 - Level 1.1 Fighting
 - Level 2.6 Dodging
 + Level 4.3 Unarmed Combat
 * Level 5.9 Shapeshifting


You had 3 spell levels left.
You didn't know any spells.
Your spell library was empty.

Dungeon Overview and Level Annotations

Branches:
Dungeon (2/15)

Altars:

Shops:
D:1 :

Annotations:
D:2 Natasha


Innate Abilities, Weirdness & Mutations

You are a hulking beast.
Your limbs bulge with bestial killing power. (Slay +3)
((You are very nimble when in or above water. (Stealth+, EV+, Speed+++)))
Your lower body shifts to a powerful aquatic tail in water.


Message History

The cerulean imp is moderately wounded.
The cerulean imp hits you with a +0 spear.
The cerulean imp closely misses you. Natasha claws you.
You are too injured to fight recklessly!
You are too injured to fight recklessly!
You are too injured to fight recklessly!
You are too injured to fight recklessly!
You are too injured to fight recklessly!
You are too injured to fight recklessly!
You are too injured to fight recklessly!
You are too injured to fight recklessly!
You are too injured to fight recklessly!
You are too injured to fight recklessly!
You are too injured to fight recklessly!
You are too injured to fight recklessly!
You are too injured to fight recklessly!
You are too injured to fight recklessly!
Unknown command.
You barely miss Natasha. The cerulean imp closely misses you.
The cerulean imp barely misses you. Natasha misses you.
You barely miss Natasha. The cerulean imp completely misses you.
The cerulean imp misses you. Natasha claws you.
You hit Natasha.
Natasha is lightly wounded.
The cerulean imp hits you but does no damage.
The cerulean imp closely misses you. Natasha casts a spell at you.
The magic dart hits you!
You barely miss Natasha.
Natasha is lightly wounded.
The cerulean imp hits you with a +0 spear.
* * * LOW HITPOINT WARNING * * *
The cerulean imp hits you with a +1 spear.
* * * LOW HITPOINT WARNING * * *
Natasha barely misses you.
You hit Natasha.
Natasha is moderately wounded.
The cerulean imp closely misses you.
The cerulean imp hits you with a +1 spear.
You die...

### ..# #.# ############# #.#
#############.#.#.#.#.#.# #.#
##........5.#........)....
#.######........h5.##.#.#.#.#.#.#
#......<..##.....h...............
......##.###.#####.##.#.#.#.#.#.#
#.#...##.# #.# #.#.............
.....)...# #.#. ..##.#.#.#.#<#.#
.........# #.#. ##.###.####..##.#
.........###.#.###.###.## ##.##.#
###...#............##...####.....
#...#..### #.....>...........#.


You could see Natasha and 2 cerulean imps.

Vanquished Creatures
  Natasha (twice) (D:2)
  An adder (D:2)
  A ribbon worm (D:2)
  3 dart slugs (D:1)
  3 endoplasms
  2 goblins
  3 hobgoblins
  9 kobolds
  2 quokkas
  5 ball pythons
  2 bats (D:2)
  3 frilled lizards
  5 rats
41 creatures vanquished.

Notes
Turn   | Place    | Note
-------+----------+-------------------------------------------
     0 | D:1      | Buffagor the Merfolk Shapeshifter began the quest for the
                  | Orb.
     0 | D:1      | Reached XP level 1. HP: 15/15 MP: 1/1
   115 | D:1      | Found Kusoit's Book Emporium.
   166 | D:1      | Reached XP level 2. HP: 21/21 MP: 2/2
  1121 | D:2      | Reached XP level 3. HP: 26/26 MP: 3/3
  1286 | D:2      | Reached skill level 5 in Shapeshifting
  1492 | D:2      | Noticed Natasha
  1499 | D:2      | Killed Natasha
  1500 | D:2      | Reached XP level 4. HP: 29/32 MP: 4/4
  1508 | D:2      | Noticed Natasha
  1519 | D:2      | Killed Natasha
  1565 | D:2      | Found a faded altar of an unknown god.
  1687 | D:2      | Noticed Natasha
  1700 | D:2      | Slain by a cerulean imp

Illustrated notes

Levels and vault maps discovered:
D:1:      spicycebolla_arrival_transporter_tutorial, layout_basic, serial_shops,
          nicolae_book_shop_shelving, minivault_5, minmay_misc_feat_diagonals,
          feat_on_display
D:2:      layout_loops_ring, basic_ecumenical_altar, st_stairs_12,
          minmay_fractal_squares_5, uniq_natasha

Skill      XL: |  1  2  3 |
---------------+----------+-----
Shapeshifting  | 5 |  5.9
Unarmed Combat | 4 |  4.3
Fighting       | |  1.1
Dodging        | |  2.6

Action                     |  1- 3 |  4- 6 || total
---------------------------+-------+-------++-------
  Melee: Unarmed           |    52 |    38 ||    90
   Fire: Sling             |    31 |       ||    31
  Throw: Stone             |     4 |       ||     4
 Armour: Animal skin       |    28 |    27 ||    55
  Dodge: Dodged            |    24 |    25 ||    49
